 Dungeon Crawl Stone Soup version 0.26-a0-28-gc929df5 (webtiles) character file.

Game seed: 9441275347604823618, levelgen mode: deterministic

18 Cheivey the Skirmisher (level 2, -3/24 HPs)
             Began as a Demonspawn Berserker on May 27, 2020.
             Was a Follower of Trog.
             Slain by a gnoll
             ... wielding a +0 flail of draining
              (8 damage)
             ... on level 2 of the Dungeon.
             The game lasted 00:02:23 (877 turns).

Cheivey the Skirmisher (Demonspawn Berserker)        Turns: 877, Time: 00:02:23

Health: -3/24      AC:  5    Str: 17    XL:     2   Next: 51%
Magic:  2/2        EV: 10    Int:  8    God:    Trog [*.....]
Gold:   88         SH:  5    Dex: 12    Spells: 1/1 levels left

rFire    . . .     SeeInvis .   a - +0 hand axe
rCold    . . .     Gourm    .   (no shield)
rNeg     . . .     Faith    .   h - +0 ring mail
rPois    .         Spirit   .   (no helmet)
rElec    .         Reflect  +   (no cloak)
rCorr    .         Harm     .   (no gloves)
MR       .....                  (no boots)
Stlth    +.........             c - amulet of reflection
HPRegen  0.08/turn              (no ring)
MPRegen  0.08/turn              (no ring)

@: drained
A: powered by death 1
a: Berserk, Renounce Religion


You were on level 2 of the Dungeon.
You worshipped Trog.
Trog was aware of your devotion.
You were not hungry.

You visited 1 branch of the dungeon, and saw 2 of its levels.

You collected 88 gold pieces.

Inventory:

Hand Weapons
 a - a +0 hand axe (weapon)
Armour
 h - a +0 ring mail (worn)
Jewellery
 c - an amulet of reflection (around neck)
 k - an uncursed amulet of the acrobat
Scrolls
 b - a scroll of amnesia {unknown}
 d - a scroll of magic mapping {unknown}
 i - 2 scrolls of random uselessness {unknown}
Potions
 e - a potion of lignification {unknown}
 f - a potion of heal wounds {unknown}
 g - a potion of might {unknown}
 m - a potion of degeneration {unknown}
Comestibles
 j - 4 chunks of flesh


   Skills:
 + Level 3.2(2.2) Fighting
 + Level 3.0(2.0) Axes
 + Level 2.0(1.0) Armour
 + Level 1.9(0.9) Dodging


You had one spell level left.
You didn't know any spells.
Your spell library was empty.

Dungeon Overview and Level Annotations

Branches:
Dungeon (2/15)

Altars:
Xom


Innate Abilities, Weirdness & Mutations

You regenerate a little health from kills.


Message History

A gnoll comes into view. It is wielding a +0 flail of draining.
The gnoll hits you with a +0 flail of draining!
You feel drained.
You completely miss the gnoll.
The gnoll hits you with a +0 flail of draining.
* * * LOW HITPOINT WARNING * * *
You feel drained.
* * * LOW HITPOINT WARNING * * *
Okay, then.
You closely miss the gnoll. The gnoll hits you but does no damage.
You feel drained.
You closely miss the gnoll.
The gnoll hits you with a +0 flail of draining.
* * * LOW HITPOINT WARNING * * *
You feel drained.
You barely miss the gnoll. You block the gnoll's attack.
You hit the gnoll.
The gnoll is moderately wounded.
The gnoll hits you with a +0 flail of draining!
You die...

##..(..... ..>.....
########<.....
#.........# .#
#.........##.#
##............#####
...................
.########.#.......#
#..g@.#.#####.#
#.#####.#####
#.........#
#.......#.#
#..##.#.#.# #..
#.#.#.#
#...#.#.#.###
.≈..#.#.#...#
≈≈≈.≈..#≈###.#


You could see a gnoll.

Vanquished Creatures
  A leopard gecko (D:1)
  2 bats (D:1)
  2 giant cockroaches
  A goblin (D:1)
  3 hobgoblins (D:1)
  4 kobolds (D:1)
  A frilled lizard (D:1)
  A rat (D:1)
15 creatures vanquished.

Notes
Turn   | Place    | Note
-------+----------+-------------------------------------------
     0 | D:1      | Cheivey the Demonspawn Berserker began the quest for the
                  | Orb.
     0 | D:1      | Reached XP level 1. HP: 18/18 MP: 1/1
    26 | D:1      | Found a shimmering altar of Xom.
   226 | D:1      | Gained mutation: You regenerate a little health from kills.
                  | [demonic ancestry]
   226 | D:1      | Reached XP level 2. HP: 17/24 MP: 2/2
   877 | D:2      | Slain by a gnoll

Illustrated notes

Levels and vault maps discovered:
D:1:      dpeg_arrival_tiny_a, layout_rooms, xom_teletrap_fun
D:2:      layout_basic, overflow_temple_1_default, serial_rivers,
          chequers_serial_rivers_marsh, chequers_serial_rivers_room_a,
          chequers_serial_rivers_micro_e, chequers_serial_rivers_micro_d,
          chequers_serial_rivers_small_a

Skill      XL: |  1  2 |
---------------+-------+-----
Armour         | 2 |  2.0
Axes           | 3 |  3.0
Fighting       | |  3.2
Dodging        | |  1.9

Action                   || total
-------------------------++-------
Melee: Hand axe          ||    56
Invok: Berserk           ||     3
  Use: Scroll            ||     3
  Eat: Ration            ||     1
Armor: Animal skin       ||     4
       Ring mail         ||     8
Dodge: Dodged            ||    36
Block: Other             ||     8

Table legend:
 A = Non-vault XP
 B = Vault XP
 C = Vault XP percentage of total XP
 D = Non-vault monster count
 E = Vault monster count
 F = Vault count percentage of total count
                 A         B        C        D         E       F
            +---------+---------+-------+---------+---------+-------
      Total |      27 |       0 |   0.0 |      15 |       0 |   0.0
            +---------+---------+-------+---------+---------+-------
        D:1 |      25 |       0 |   0.0 |      14 |       0 |   0.0
        D:2 |       2 |       0 |   0.0 |       1 |       0 |   0.0
            +---------+---------+-------+---------+---------+-------
